 Dungeon Crawl Stone Soup version 0.20.1-1-g8b1a95d (webtiles) character file.

11808 equalderp2856 the Cleaver (level 11, -37/81 HPs)
             Began as a Mummy Fighter on Oct 28, 2017.
             Killed from afar by Harold (46 damage)
             ... with a bolt of fire
             ... on level 10 of the Dungeon.
             The game lasted 00:33:27 (16492 turns).

equalderp2856 the Cleaver (Mummy Fighter)          Turns: 16492, Time: 00:33:28

Health: -37/81     AC: 22    Str: 20    XL:     11   Next: 54%
Magic:  23/23      EV:  4    Int: 11    God:
Gold:   440        SH: 10    Dex: 11    Spells: 15/26 levels left

rFire    x . .     SeeInvis .   x - +3 war axe
rCold    + . .     Gourm    .   c - +0 shield
rNeg     + + +     Faith    .   i - +3 plate armour {MR+}
rPois    ∞         Spirit   .   f - +0 helmet
rElec    .         Reflect  .   m - +2 cloak
rCorr    .         Harm     .   g - +0 pair of gloves
MR       ++...                  k - +0 pair of boots
Stlth    ..........             (no amulet)
Regen    0.3/turn               l - ring of stealth
MPRegen  0.2/turn               (no ring)

@: no status effects
A: no food or potions, fire vulnerability, cold resistance 1, negative energy
resistance 3, torment resistance, unbreathing
a: no special abilities


You were on level 10 of the Dungeon.
You were not hungry.

You visited 1 branch of the dungeon, and saw 10 of its levels.
You also visited: Sewer.

You collected 440 gold pieces.

Inventory:

Hand Weapons
 a - a +0 war axe
 x - a +3 war axe (weapon)
Armour
 b - a +0 scale mail
 c - a +0 shield (worn)
 f - a +0 helmet (worn)
 g - a +0 pair of gloves (worn)
 h - a +0 ring mail of fire resistance
 i - a +3 plate armour of magic resistance (worn)
 k - a +0 pair of boots (worn)
 m - a +2 cloak (worn)
 s - a +0 helmet
 t - a +0 large shield
Jewellery
 l - a ring of stealth (left hand)
 I - a +3 ring of slaying {unknown}
Wands
 q - a wand of confusion (0/48)
 u - a wand of random effects (17/48)
 y - a wand of flame (32/48)
 A - a wand of flame (24/48)
 B - a wand of iceblast (0/15)
Scrolls
 d - 2 scrolls of recharging
 e - 5 scrolls of identify
 j - 4 scrolls of magic mapping
 n - 6 scrolls of teleportation
 o - 4 scrolls of fear
 p - 4 scrolls of remove curse
 w - a scroll of fog {unknown}
 z - a scroll of immolation
 C - a scroll of enchant armour {unknown}
 E - a scroll of enchant weapon {unknown}
Books
 r - a book of Minor Magic

   Spells                             Type                      Level
   a - Magic Dart                     Conjuration                  1
   b - Blink                          Translocation                2
   c - Call Imp                       Summoning                    2
   d - Slow                           Hexes                        2
   e - Conjure Flame                  Conjuration/Fire             3
   f - Mephitic Cloud                 Conjuration/Poison/Air       3
 v - a book of Conjurations

   Spells                             Type                      Level
   a - Magic Dart                     Conjuration                  1
   b - Searing Ray                    Conjuration                  2
   c - Dazzling Spray                 Conjuration/Hexes            3
   d - Fulminant Prism                Conjuration/Hexes            4
   e - Force Lance                    Conjuration/Translocation    4
   f - Iskenderun's Mystic Blast      Conjuration                  4
 D - a book of Flames

   Spells                             Type                      Level
   a - Flame Tongue                   Conjuration/Fire             1
   b - Throw Flame                    Conjuration/Fire             2
   c - Conjure Flame                  Conjuration/Fire             3
   d - Inner Flame                    Hexes/Fire                   3
   e - Sticky Flame                   Conjuration/Fire             4
   f - Fireball                       Conjuration/Fire             5
 G - a book of Geomancy

   Spells                             Type                      Level
   a - Sandblast                      Earth                        1
   b - Passwall                       Transmutation/Earth          2
   c - Stone Arrow                    Conjuration/Earth            3
   d - Petrify                        Transmutation/Earth          4
   e - Lee's Rapid Deconstruction     Earth                        5
 H - a book of Air

   Spells                             Type                      Level
   a - Shock                          Conjuration/Air              1
   b - Swiftness                      Charms/Air                   2
   c - Static Discharge               Conjuration/Air              3
   d - Airstrike                      Air                          4
   e - Lightning Bolt                 Conjuration/Air              5


   Skills:
 + Level 6.2 Fighting
 * Level 10.6 Axes
 + Level 5.6 Armour
 + Level 1.4 Dodging
 + Level 1.5 Stealth
 + Level 5.5 Shields
 * Level 8.2 Spellcasting
 * Level 4.1 Translocations
 + Level 1.0 Evocations


You had 15 spell levels left.
You knew the following spells:

 Your Spells              Type           Power        Failure   Level  Hunger
a - Blink                 Tloc           N/A          98%         2    N/A
b - Magic Dart            Conj           #...         100%        1    N/A
c - Call Imp              Summ           #.......     100%        2    N/A
d - Slow                  Hex            #.......     100%        2    N/A
e - Force Lance           Conj/Tloc      #.......     100%        4    N/A

Dungeon Overview and Level Annotations

Branches:
Dungeon (10/15)            Temple (0/1) D:7
   Lair: D:8-11         Orc: D:9-12

Altars:
Dithmenos
Elyvilon
Gozag
Hepliaklqana
Nemelex Xobeh
Qazlal
Ru
Xom
Yredelemnul
Zin

Shops:
D:8 (

Annotations:
D:2 Sigmund
D:6 Irenicus's ghost, novice DDFi
D:10 Harold


Innate Abilities, Weirdness & Mutations

You do not eat or drink.
Your flesh is vulnerable to fire.
You are immune to poison.
Your flesh is cold resistant. (rC+)
You are immune to negative energy. (rN+++)
You are immune to unholy pain and torment.
You can survive without breathing.


Message History

The bolt of fire hits you! The fire burns you terribly!
You slash Harold!
Harold is heavily wounded.
Harold hits you but does no damage.
You hit Harold.
Harold is heavily wounded.
Harold gestures at you while chanting. The bolt of fire hits you!
The fire burns you terribly!
* * * LOW HITPOINT WARNING * * *
Evoke which item? (* to show all) (? for menu, Esc to quit)
Aiming: Phantom Mirror
Press: ? - help, Dir - move target cursor, f - Harold
Aim: Harold, wielding a long sword and wearing a ring mail (heavily wounded)
You reflect Harold with the mirror, and the mirror shatters!
Harold hits Harold with a long sword.
Harold hits you but does no damage.
Harold hits Harold with a long sword.
Harold gestures at you while chanting. The bolt of fire hits you!
The fire burns you terribly!
Ouch! That really hurt!
You die...

#.# #.# #?# #.#
.#########.#
.........#@## #
########.@..##.#
#....!...#.>..#
#.#####@...####
#<.###
.........#
...####..# #..#
...# ##.# .# .#


You could see Harold and the friendly Harold.

Vanquished Creatures
  3 two-headed ogres (D:8)
  A death yak (shapeshifter) (D:8)
  A wizard (D:9)
  A cyclops (D:7)
  An orc knight (D:10)
  Joseph (D:8)
  The ghost of keltmir the Chopper, an amateur HOFi (D:4)
  A hippogriff (D:7)
  3 wyverns
  A vampire (D:9)
  A human (D:9)
  4 hogs (D:9)
  A steam dragon (D:8)
  A hungry ghost (D:9)
  A water moccasin (D:8)
  3 orc warriors
  3 sky beasts
  3 ice beasts
  2 black bears
  5 phantoms
  6 ogres
  A necrophage (D:3)
  4 centaurs
  2 big kobolds
  2 bullfrogs
  4 scorpions
  7 killer bees
  17 wights
  5 howler monkeys
  4 crimson imps
  2 jellies
  6 orc priests
  2 hounds
  2 bullfrog skeletons
  A centaur skeleton (D:8)
  4 iguanas
  Terence (D:2)
  8 orc wizards
  12 worker ants
  Natasha (thrice) (D:3)
  A killer bee zombie (D:8)
  The ghost of 0x5F3759DF the Grave Robber, a weakling DENe (D:3)
  2 howler monkey zombies (D:5)
  A worker ant zombie (D:7)
  15 adders
  7 gnolls
  2 river rats (Sewer)
  2 shadow imps
  3 oozes
  An adder zombie (D:5)
  4 worms
  2 dart slugs
  7 leopard geckos
  47 orcs
  5 ball pythons
  8 bats
  10 giant cockroaches
  5 goblins
  8 hobgoblins
  10 jackals
  14 kobolds
  4 quokkas
  11 frilled lizards
  A giant cockroach zombie (D:7)
  A leopard gecko zombie (D:8)
  A quokka skeleton (D:9)
  A quokka zombie (D:5)
  9 rats
314 creatures vanquished.

Vanquished Creatures (others)
  An orc wizard (D:6)
1 creature vanquished.

Grand Total: 315 creatures vanquished

Notes
Turn   | Place    | Note
-------+----------+-------------------------------------------
     0 | D:1      | equalderp2856 the Mummy Fighter began the quest for the Orb.
     0 | D:1      | Reached XP level 1. HP: 18/18 MP: 1/1
   212 | D:1      | Reached XP level 2. HP: 21/24 MP: 2/2
   762 | D:2      | Noticed Sigmund
   828 | D:2      | Reached XP level 3. HP: 29/29 MP: 3/3
   835 | D:2      | Reached skill level 2 in Axes
   837 | D:2      | Found a shimmering altar of Xom.
   994 | D:2      | Found a sacrificial altar of Ru.
  1258 | D:2      | Reached XP level 4. HP: 29/35 MP: 4/4
  1708 | D:2      | Noticed Terence
  1722 | D:2      | Killed Terence
  1722 | D:2      | Reached skill level 3 in Axes
  1868 | D:3      | Found a hazy altar of Hepliaklqana.
  1903 | D:3      | Reached skill level 1 in Spellcasting
  1920 | D:3      | Noticed a necrophage
  1941 | D:3      | Killed a necrophage
  1941 | D:3      | Reached XP level 5. HP: 8/41 MP: 6/6
  2404 | D:3      | Reached XP level 6. HP: 47/47 MP: 8/8
  2440 | D:3      | Reached skill level 4 in Axes
  2527 | D:3      | Noticed 0x5F3759DF's ghost (weakling DENe)
  2550 | D:3      | Killed 0x5F3759DF's ghost
  2877 | D:3      | Found a glowing silver altar of Zin.
  2878 | D:3      | Found a stormy altar of Qazlal.
  2878 | D:3      | Found an opulent altar of Gozag.
  2880 | D:3      | Noticed Natasha
  2890 | D:3      | Killed Natasha
  3027 | D:3      | Noticed Natasha
  3041 | D:3      | Killed Natasha
  3331 | D:3      | Noticed Natasha
  3343 | D:3      | Killed Natasha
  3572 | D:4      | Reached XP level 7. HP: 35/53 MP: 11/11
  3629 | D:4      | Noticed keltmir's ghost (amateur HOFi)
  3649 | D:4      | Killed keltmir's ghost
  3649 | D:4      | Reached skill level 5 in Axes
  3649 | D:4      | Reached skill level 1 in Dodging
  3715 | D:4      | Found a glowing drain.
  3732 | Sewer    | Entered a sewer
  4348 | D:4      | Reached skill level 6 in Axes
  4516 | D:5      | Entered Level 5 of the Dungeon
  4596 | D:5      | Reached XP level 8. HP: 52/60 MP: 13/13
  5607 | D:6      | Noticed Irenicus's ghost (novice DDFi)
  5814 | D:6      | Reached skill level 7 in Axes
  6173 | D:6      | Found a sparkling altar of Nemelex Xobeh.
  6265 | D:6      | Learned a level 2 spell: Blink
  6267 | D:6      | Learned a level 1 spell: Magic Dart
  6270 | D:6      | Learned a level 2 spell: Call Imp
  6273 | D:6      | Learned a level 2 spell: Slow
  6459 | D:5      | Reached skill level 5 in Spellcasting
  6727 | D:5      | Reached XP level 9. HP: 40/66 MP: 16/16
  8682 | D:7      | Reached skill level 1 in Translocations
  8783 | D:7      | Reached skill level 8 in Axes
  9061 | D:7      | Learned a level 4 spell: Force Lance
  9076 | D:7      | Found a staircase to the Ecumenical Temple.
  9215 | D:7      | Found a white marble altar of Elyvilon.
  9238 | D:7      | Reached skill level 5 in Fighting
  9428 | D:7      | Found a shadowy altar of Dithmenos.
 10000 | D:8      | Found Baat's Weapon Boutique.
 10139 | D:8      | Found a basalt altar of Yredelemnul.
 10213 | D:8      | Reached XP level 10. HP: 74/74 MP: 19/19
 10323 | D:8      | Reached skill level 9 in Axes
 10327 | D:8      | Noticed a two-headed ogre
 10327 | D:8      | Noticed a cyclops
 11103 | D:8      | Noticed a two-headed ogre
 11131 | D:8      | Killed a two-headed ogre
 11139 | D:8      | Killed a two-headed ogre
 11139 | D:8      | Reached skill level 1 in Stealth
 11298 | D:8      | Noticed a fire crab
 11304 | D:8      | Noticed a swamp dragon
 11304 | D:8      | a fire crab changed into a swamp dragon
 11322 | D:8      | Noticed a death drake
 11322 | D:8      | a swamp dragon changed into a death drake
 11849 | D:7      | Killed a cyclops
 11942 | D:8      | Reached skill level 5 in Shields
 11955 | D:8      | Noticed a two-headed ogre
 11998 | D:8      | Killed a two-headed ogre
 11998 | D:8      | Reached skill level 5 in Armour
 12017 | D:8      | Noticed Joseph
 12939 | D:8      | Killed Joseph
 12939 | D:8      | Reached XP level 11. HP: 71/81 MP: 22/22
 13390 | D:8      | Reached skill level 10 in Axes
 13589 | D:8      | Noticed a shadow dragon
 13623 | D:8      | Noticed an iron troll
 13623 | D:8      | a shadow dragon changed into an iron troll
 13635 | D:8      | Noticed an azure jelly
 13635 | D:8      | an iron troll changed into an azure jelly
 13636 | D:8      | Noticed a stone giant
 13636 | D:8      | an azure jelly changed into a stone giant
 13674 | D:8      | Noticed a shadow dragon
 13674 | D:8      | a stone giant changed into a shadow dragon
 13768 | D:8      | Noticed a stone giant
 13779 | D:8      | Noticed an alligator snapping turtle
 13779 | D:8      | a stone giant changed into an alligator snapping turtle
 13867 | D:8      | Noticed a death yak
 14325 | D:8      | Killed a death yak
 14761 | D:9      | Noticed a wizard
 14765 | D:9      | Killed a wizard
 15042 | D:9      | Reached skill level 1 in Evocations
 15106 | D:10     | Entered Level 10 of the Dungeon
 15212 | D:10     | Noticed an orc knight
 15213 | D:10     | Noticed a two-headed ogre
 15227 | D:10     | Killed an orc knight
 16472 | D:10     | Noticed Harold
 16492 | D:10     | Killed from afar by Harold

Skill      XL: |  1  2  3  4  5  6  7  8  9 10 11 |
---------------+----------------------------------+-----
Axes           | 2 3 4 6 7 8 9 10 | 10.6
Spellcasting   | 1 2 3 5 6 7 8 |  8.2
Shields        | 3 4 5 |  5.5
Armour         | 3 4 5 |  5.6
Dodging        | 1 |  1.4
Fighting       | 4 5 6 |  6.2
Translocations | 2 3 4 |  4.1
Stealth        | 1 |  1.5
Evocations     | 1 |  1.0

Action                   |  1- 3 |  4- 6 |  7- 9 | 10-12 || total
-------------------------+-------+-------+-------+-------++-------
Melee: War axe           |   106 |   291 |   867 |   417 ||  1681
Evoke: Wand              |       |       |     2 |    14 ||    16
       Phantom mirror    |       |       |       |     1 ||     1
  Use: Scroll            |       |       |     7 |     1 ||     8
 Stab: Confused          |       |       |       |     6 ||     6
Armor: Scale mail        |    53 |    25 |       |       ||    78
       Ring mail         |       |    10 |       |       ||    10
       Plate armour      |       |   140 |   513 |   351 ||  1004
Dodge: Dodged            |    24 |    68 |   105 |    68 ||   265
Block: Shield            |    64 |   125 |   366 |   240 ||   795
